 Dungeon Crawl Stone Soup version 0.29-a0-872-g797fff5ad1 (webtiles) character file.

Game seed: 9826530380105143304

37 ZappyNine the Trooper (level 3, -6/32 HPs)
             Began as a Palentonga Fighter on July 18, 2022.
             Mangled by a gnoll
             ... wielding a +0 flail
              (11 damage)
             ... on level 2 of the Dungeon.
             The game lasted 00:01:24 (1219 turns).

ZappyNine the Trooper (Palentonga Fighter)          Turns: 1219, Time: 00:01:24

Health: -6/32      AC:  6    Str: 21    XL:     3   Next: 21%
Magic:  3/3        EV:  7    Int:  8    God:
Gold:   81         SH:  4    Dex:  9    Spells: 2/2 levels left

rFire   . . .      SeeInvis +   a - +0 flail
rCold   . . .      Faith    .   c - +0 buckler
rNeg    . . .      Spirit   .   b - +0 scale mail
rPois   .          Reflect  .   (no helmet)
rElec   .          Harm     .   (no cloak)
rCorr   .          Rampage  .   (no gloves)
Will    .....                   (no barding)
Stlth   ..........              (no amulet)
HPRegen 0.10/turn               (no ring)
MPRegen 0.08/turn               (no ring)

@: mighty
A: large, rugged brown scales 3, see invisible, deformed body, roll 1, armoured
tail
a: Rolling Charge


You were on level 2 of the Dungeon.
You visited 1 branch of the dungeon, and saw 2 of its levels.

You collected 81 gold pieces.

Inventory:

Hand Weapons
 a - a +0 flail (weapon)
Armour
 b - a +0 scale mail (worn)
 c - a +0 buckler (worn)
Scrolls
 e - 2 scrolls of identify {unknown}
 f - a scroll of fear {unknown}
 g - a scroll of amnesia {unknown}
 h - a scroll of poison {unknown}


   Skills:
 + Level 3.7 Fighting
 + Level 3.0 Maces & Flails
 - Level 2.4 Armour
 - Level 2.6 Shields


You had 2 spell levels left.
You didn't know any spells.
Your spell library was empty.

Dungeon Overview and Level Annotations

Branches:
Dungeon (2/15)

Altars:

Shops:
D:1 [


Innate Abilities, Weirdness & Mutations

You are completely covered in rugged brown scales. (AC +3, +7% HP)
You have supernaturally acute eyesight. (SInv)
Armour fits poorly on your strangely shaped body.
You can roll at nearby foes to attack.
You have a long armoured tail.


Message History

The gnoll barely misses you. The gnoll hits you with a +0 whip.
You sock the gnoll!
Your tail-slap misses the gnoll.
The gnoll is severely wounded.
The gnoll barely misses you. The gnoll hits you with a +0 club.
The gnoll closely misses you.
You closely miss the gnoll.
The gnoll is severely wounded.
A goblin comes into view. It is wielding a +0 dagger.
The gnoll closely misses you. The gnoll hits you with a +0 flail.
The gnoll barely misses you. The gnoll hits you but does no damage.
The gnoll attacks as you move away! The gnoll barely misses you. x2
There is an open door here.
The gnoll attacks as you move away! The gnoll hits you but does no damage.
You hit the gnoll.
The gnoll is moderately wounded.
The gnoll hits you but does no damage.
You thump the gnoll!
You kill the gnoll!
Your Maces & Flails skill increases to level 3!
You have reached level 3!
Your experience leads to an increase in your attributes!
Increase (S)trength, (I)ntelligence, or (D)exterity?
You feel stronger. x2
Unknown command.
You feel very mighty all of a sudden. The gnoll barely misses you.
Unknown command.
You closely miss the gnoll.
The gnoll is moderately wounded.
The gnoll hits you with a +0 flail!
You sock the gnoll!
The gnoll is severely wounded.
The gnoll hits you with a +0 flail!
* * * LOW HITPOINT WARNING * * *
The gnoll hits you with a +0 flail.
* * * LOW HITPOINT WARNING * * *
You closely miss the gnoll.
The gnoll is severely wounded.
The gnoll hits you with a +0 flail!
You die...

#.#..........##
.'..........g.
#..........
#.......#
#.....# #wg.#
##g## #g#
####@######
#.........#
###.#...###.#
.........#
##......###.##.#
#..##.........#
#.>##[.###.####
#......#
#..##.####.#


You could see a worm and 3 gnolls.

Vanquished Creatures
  A gnoll (D:2)
  5 endoplasms
  4 goblins
  2 hobgoblins
  2 ball pythons (D:1)
  3 bats
  A frilled lizard (D:1)
  5 kobolds
  3 rats
26 creatures vanquished.

Notes
Turn   | Place    | Note
-------+----------+-------------------------------------------
     0 | D:1      | ZappyNine the Palentonga Fighter began the quest for the
                  | Orb.
     0 | D:1      | Reached XP level 1. HP: 19/19 MP: 1/1
   356 | D:1      | Reached XP level 2. HP: 25/25 MP: 2/2
   484 | D:1      | Found Oniqauv's Antique Armour Boutique.
  1216 | D:2      | Reached XP level 3. HP: 24/32 MP: 3/3
  1219 | D:2      | Mangled by a gnoll

Illustrated notes

Levels and vault maps discovered:
D:1:      scummos_arrival_star, layout_basic, serial_shops, nicolae_shop_stone,
          dreamdust_mushroom_princess, minmay_bisected
D:2:      layout_loops_corners

Skill      XL: |  1  2 |
---------------+-------+-----
Maces & Flails | 3 |  3.0
Fighting       | |  3.7
Armour         | |  2.4
Shields        | |  2.6

Action                   || total
-------------------------++-------
Melee: Flail             ||    76
       Tailslap          ||     6
 Abil: Rolling Charge    ||    14
  Use: Potion            ||     1
Armor: Scale mail        ||    34
Dodge: Dodged            ||    23
Block: Buckler           ||    12

Table legend: (Time is in decaauts)
 A = Elapsed time spent in this place.
 B = Non-inter-level travel time spent in this place.
 C = Inter-level travel time spent in this place.
 D = Time resting spent in this place.
 E = Time spent auto-exploring this place.
 F = Levels seen in this place.
 G = Mean time per level.
                   A        B        C        D        E       F      G
               +--------+--------+--------+--------+--------+-----+--------+
         Total |   1242 |   1216 |     26 |    236 |    804 |   2 |  621.0 |
       Dungeon |   1242 |   1216 |     26 |    236 |    804 |   2 |  621.0 |
               +--------+--------+--------+--------+--------+-----+--------+

Top non-repeatable levels by time:
     D:1: 833 daAuts
     D:2: 408 daAuts
